 Dungeon Crawl Stone Soup version 0.27-a0-1347-gd8886f0a89 (webtiles) character file.

Game seed: 1779478403092360442

3144 DylanTheDylan the Cleaver (level 9, -5/79 HPs)
             Began as a Minotaur Berserker on June 27, 2021.
             Was an Elder of Trog.
             Slain by an orc warrior (10 damage)
             ... on level 6 of the Dungeon.
             The game lasted 00:22:39 (7476 turns).

DylanTheDylan the Cleaver (Minotaur Berserker)      Turns: 7476, Time: 00:22:40

Health: -5/79      AC:  3    Str: 31    XL:     9   Next: 62%
Magic:  8/8        EV: 17    Int:  4    God:    Trog [****..]
Gold:   298        SH:  0    Dex: 10    Spells: 8/8 levels left

rFire    . . .     SeeInvis .   a - +0 hand axe
rCold    . . .     Faith    .   (no shield)
rNeg     . . .     Spirit   .   b - +0 animal skin
rPois    .         Reflect  .   (helmet restricted)
rElec    .         Harm     .   (no cloak)
rCorr    .         Rampage  .   (no gloves)
Will     .....                  o - +0 pair of boots
Stlth    ++........             (no amulet)
HPRegen  0.23/turn              d - +6 ring of strength
MPRegen  0.11/turn              i - +4 ring of evasion

@: on berserk cooldown, slowed, very slow
A: horns 2, retaliatory headbutt
a: Renounce Religion, Berserk, Trog's Hand, Brothers in Arms


You were on level 6 of the Dungeon.
You worshipped Trog.
Trog was greatly pleased with you.
You visited 1 branch of the dungeon, and saw 7 of its levels.

You collected 322 gold pieces.
You spent 24 gold pieces at shops.

Inventory:

Hand Weapons
 a - a +0 hand axe (weapon)
Missiles
 p - 7 curare-tipped darts (quivered)
 t - a throwing net
Armour
 b - a +0 animal skin (worn)
 o - a +0 pair of boots (worn)
Jewellery
 d - a +6 ring of strength (left hand)
 i - a +4 ring of evasion (right hand)
 j - a ring of poison resistance
 k - a ring of willpower
 x - a +6 ring of dexterity
 y - an amulet of magic regeneration
Wands
 u - a wand of flame (21)
 v - a wand of polymorph (7)
 w - a wand of iceblast (4)
Scrolls
 n - a scroll of acquirement {unknown}
 s - a scroll of torment
 z - a scroll of fog {unknown}
 B - 2 scrolls of teleportation {unknown}
 C - a scroll of enchant weapon {unknown}
 D - a scroll of amnesia {unknown}
Potions
 c - a potion of berserk rage
 e - a potion of flight {unknown}
 f - a potion of cancellation
 g - 2 potions of magic
 h - a potion of invisibility {unknown}
 l - a potion of might {unknown}
 m - a potion of mutation {unknown}
 q - a potion of degeneration {unknown}


   Skills:
 + Level 7.5 Fighting
 + Level 10.5 Axes
 + Level 5.9 Throwing
 + Level 2.8 Armour
 + Level 6.4 Dodging
 + Level 3.2 Stealth


You had 8 spell levels left.
You didn't know any spells.
Your spell library contained the following spells:

 Spells                   Type           Power      Damage    Failure   Level
 Magic Dart               Conj           0%         1d3       50%         1
 Blink                    Tloc           N/A        N/A       65%         2
 Call Imp                 Summ           0%         N/A       65%         2
 Slow                     Hex            0%         N/A       65%         2
 Conjure Flame            Conj/Fire      0%         6-21      86%         3
 Mephitic Cloud           Conj/Pois/Air  0%         N/A       86%         3


Dungeon Overview and Level Annotations

Branches:
Dungeon (7/15)             Temple (0/1) D:5

Altars:
Ashenzari
Makhleb
Nemelex Xobeh

Shops:
D:2 ?


Innate Abilities, Weirdness & Mutations

You have a pair of horns on your head.
You reflexively headbutt those who attack you in melee.


Message History

The javelin pierces through the orc warrior!
The orc warrior is moderately wounded.
Throw: javelin
Press: ? - help, Q - select action, (/) - cycle Shift-Dir - straight line, f/p - orc warrior
Aim: an orc warrior, wielding a +1 flail of protection and wearing a +0 plate armour (moderately wounded, 62% to hit)
You throw a javelin.
The javelin barely misses the orc warrior.
The orc hits you with a +0 club.
You're still recovering from your berserk rage.
You hit the orc warrior but do no damage.
The orc warrior is moderately wounded.
You hit the orc.
The orc warrior hits you with a +1 flail of protection!
The orc barely misses you. You furiously retaliate!
You headbutt the orc.
You hit the orc warrior but do no damage.
The orc warrior is moderately wounded.
You hit the orc. The orc closely misses you.
The orc warrior hits you with a +1 flail of protection!
You barely miss the orc warrior.
You headbutt the orc warrior, but do no damage.
The orc warrior is moderately wounded.
You closely miss the orc. The orc warrior barely misses you.
You furiously retaliate!
You headbutt the orc warrior. The orc misses you.
The orc warrior hits you with a +1 flail of protection!
* * * LOW HITPOINT WARNING * * *
There is a stone staircase leading up, spattered with blood here.
The orc closely misses you.
The orc warrior hits you with a +1 flail of protection!
* * * LOW HITPOINT WARNING * * *
The orc barely misses you.
You climb upwards.
There is a stone staircase leading down here.
You feel better.
The orc warrior hits you with a +1 flail of protection!
* * * LOW HITPOINT WARNING * * *
The orc misses you. You furiously retaliate!
You headbutt the orc!
You kill the orc!
Trog accepts your kill.
The orc warrior hits you with a +1 flail of protection!
You die...

#..........# #.......#####...#
#..........# ###.##....#####.#
#..>.......# #.##..#....)...
#......)..########.....##.......
#.#)...............[#..##.......
#..#######..........#..##......)
##.# #..........#..##....... #.#
#......[...#..#.....### #.#
#....)@....#...######.# #.##
##.....o)...#.#.####.).. #..#
#..##..#........##..##.. ##.#
##...[..........##.###.#. #.#
#...<..........#.####.#.# #.#
##...###.....##.#.# ###...
#.###......#....###...###.###.
#..##......#....#....###.#....
##.##...........#....# #####.#


You could see an orc warrior.

Vanquished Creatures
  Grinder (D:3)
  6 yaks (D:5)
  A steam dragon (D:6)
  A water moccasin (D:5)
  A sky beast (D:5)
  An ice beast (D:6)
  2 black bears
  4 ogres
  2 centaurs
  A phantom (D:6)
  A scorpion (D:5)
  A bullfrog (D:6)
  3 wights
  2 bullfrog zombies (D:5)
  A hound (D:6)
  An orc priest (D:4)
  2 centaur skeletons
  A gnoll shaman (D:6)
  5 iguanas
  Ijyb (D:5)
  3 orc wizards
  An ogre zombie (D:5)
  2 howler monkey skeletons
  4 gnolls (D:4)
  7 adders
  An orc zombie (D:5)
  4 white imps
  3 worms
  2 dart slugs
  13 orcs
  9 bats
  6 endoplasms
  3 giant cockroaches
  5 goblins
  4 hobgoblins
  3 jackals (D:5)
  A quokka (D:1)
  6 ball pythons
  3 frilled lizards
  5 kobolds
  11 rats
134 creatures vanquished.

Notes
Turn   | Place    | Note
-------+----------+-------------------------------------------
     0 | D:1      | DylanTheDylan the Minotaur Berserker began the quest for
                  | the Orb.
     0 | D:1      | Reached XP level 1. HP: 19/19 MP: 0/0
   262 | D:1      | Reached XP level 2. HP: 27/27 MP: 1/1
   295 | D:1      | Reached skill level 4 in Axes
   834 | D:1      | Found a faded altar of an unknown god.
  1002 | D:1      | Reached ** piety under Trog
  1003 | D:1      | Reached XP level 3. HP: 25/33 MP: 2/2
  1184 | D:2      | Found Vehy's Magic Scroll Shop.
  1209 | D:2      | Bought a scroll of identify for 24 gold pieces
  2021 | D:2      | Reached skill level 5 in Axes
  2099 | D:3      | Reached XP level 4. HP: 41/41 MP: 3/3
  2479 | D:3      | Noticed Grinder
  2490 | D:3      | Killed Grinder
  2491 | D:3      | Reached skill level 5 in Fighting
  2491 | D:3      | Reached skill level 6 in Axes
  2491 | D:3      | Reached XP level 5. HP: 48/48 MP: 4/4
  2491 | D:3      | Reached XP level 6. HP: 56/56 MP: 5/5
  2823 | D:4      | Reached skill level 7 in Axes
  2823 | D:4      | Reached skill level 1 in Stealth
  3569 | D:4      | Reached skill level 1 in Throwing
  3569 | D:4      | Reached XP level 7. HP: 26/61 MP: 6/6
  4028 | D:4      | Found a sparkling altar of Nemelex Xobeh.
  4461 | D:5      | Entered Level 5 of the Dungeon
  4534 | D:5      | Noticed Ijyb
  4541 | D:5      | Killed Ijyb
  4851 | D:5      | Found a staircase to the Ecumenical Temple.
  4910 | D:5      | Reached skill level 8 in Axes
  4915 | D:5      | Reached XP level 8. HP: 66/70 MP: 7/7
  4953 | D:5      | Reached *** piety under Trog
  4976 | D:5      | Reached skill level 5 in Dodging
  5230 | D:5      | Reached skill level 9 in Axes
  5249 | D:5      | Reached XP level 9. HP: 33/78 MP: 8/8
  5622 | D:5      | Found a transporter.
  5666 | D:5      | Found a transporter.
  5965 | D:5      | Identified the +0 robe "Turoesar" {Rampage rElec}
  6158 | D:6      | Reached skill level 5 in Throwing
  6621 | D:6      | Reached skill level 10 in Axes
  6967 | D:6      | Found a burning altar of Makhleb.
  6974 | D:6      | Found a broken altar of Ashenzari.
  7157 | D:6      | Reached **** piety under Trog
  7476 | D:6      | Slain by an orc warrior

Illustrated notes

Levels and vault maps discovered:
D:1:      onia_arrival_mini_maze, layout_basic,
          shapermc_ecumenical_altar_mp_vishouse, grunt_decor_fettered
D:2:      layout_basic, serial_shops, nicolae_shop_statue_plus
D:3:      layout_basic, uniq_grinder
D:4:      layout_basic, nemelex_diamond_rough_becter, hangedman_decor_opposing
D:5:      gammafunk_cloud_chamber, layout_loops_cross, temple_pool_b, uniq_ijyb
D:6:      layout_rooms, amethyst_overflow_temple_binary,
          minmay_increasing_density
D:7:      layout_cave_pools, minitemple, gammafunk_ghost_grave, minmay_bent

Skill      XL: |  1  2  3  4  5  6  7  8  9 |
---------------+----------------------------+-----
Axes           | 4 5 6 7 8 9 10 | 10.5
Fighting       | 4 5 6 7 |  7.5
Dodging        | 3 4 5 6 |  6.4
Stealth        | 1 2 3 |  3.2
Throwing       | 1 2 4 5 |  5.9
Armour         | |  2.8

Action                   |  1- 3 |  4- 6 |  7- 9 || total
-------------------------+-------+-------+-------++-------
Melee: Hand axe          |    64 |    52 |   132 ||   248
       Headbutt          |    11 |     9 |    36 ||    56
Throw: Javelin           |       |    15 |    44 ||    59
       Dart              |       |       |     1 ||     1
Invok: Berserk           |     2 |     5 |     7 ||    14
       Trog's Hand       |       |     3 |       ||     3
  Use: Scroll            |     1 |     1 |     3 ||     5
       Potion            |       |       |     5 ||     5
 Stab: Sleeping          |     1 |       |       ||     1
Armor: Animal skin       |    15 |     9 |     9 ||    33
Dodge: Dodged            |    55 |    73 |    98 ||   226

Table legend: (Time is in decaauts)
 A = Elapsed time spent in this place.
 B = Non-inter-level travel time spent in this place.
 C = Inter-level travel time spent in this place.
 D = Time resting spent in this place.
 E = Time spent auto-exploring this place.
 F = Levels seen in this place.
 G = Mean time per level.
                   A        B        C        D        E       F      G
               +--------+--------+--------+--------+--------+-----+--------+
         Total |   7605 |   7403 |    202 |   3048 |   2208 |   7 | 1086.4 |
       Dungeon |   7605 |   7403 |    202 |   3048 |   2208 |   7 | 1086.4 |
               +--------+--------+--------+--------+--------+-----+--------+

Top non-repeatable levels by time:
     D:5: 1659 daAuts
     D:4: 1533 daAuts
     D:6: 1362 daAuts
     D:1: 1197 daAuts
     D:3: 928 daAuts
     D:2: 884 daAuts
     D:7: 40 daAuts
